 Dungeon Sprint DCSS version 0.32-a0-39-g5c88369fb2 (webtiles) character file.

Game seed: 16139942051626112548

5209 Conn the Destroyer (level 10, -10/63 HPs)
             Began as an Octopode Fire Elementalist on Feb 4, 2024.
             Was a High Priest of Sif Muna.
             Shot with an arrow by a deep elf master archer (41 damage)
             ... in the Dungeon (Sprint III: "The Ten Rune Challenge").
             The game lasted 00:13:00 (1347 turns).

Conn the Destroyer (Octopode Fire Elementalist)     Turns: 1347, Time: 00:13:05

Health: -10/63     AC:  1    Str:  7    XL:     10   Next: 61%
Magic:  22/22      EV: 16    Int: 22    God:    Sif Muna [*****.]
Gold:   2582       SH:  4    Dex: 11    Spells: 4/26 levels left

rFire   . . .        l - +2 rapier (holy)
rCold   . . .        (no shield)
rNeg    . . .        (helmet restricted)
rPois   .            (no amulet)
rElec   .            (no ring)
rCorr   .            (no ring)
SInv    .            (no ring)
Will    .....        (no ring)
Stlth   +++          (no ring)
HPRegen 0.30/turn    (no ring)
MPRegen 0.18/turn    (no ring)
                     (no ring)

%: no teleportation
@: no status effects
A: almost no armour, amphibious, 8 rings, camouflage 1, gelatinous body 1,
(nimble swimmer 1), tentacles, large bone plates 1, clumsy 1
a: Renounce Religion, Channel Magic, Forget Spell, Divine Exegesis


You were in the Dungeon.
You worshipped Sif Muna.
Sif Muna was extremely pleased with you.
You visited 1 branch You collected 2582 gold pieces.

Inventory:

Hand Weapons
 d - a +1 long sword of holy wrath
 j - a +0 dagger
 l - a +2 rapier of holy wrath (weapon)
Wands
 g - a wand of charming (8)
 k - a wand of iceblast (11)
Scrolls
 f - a scroll of blinking
 h - a scroll of identify
Potions
 a - 3 potions of magic
 b - a potion of curing
 c - 2 potions of heal wounds
 e - 2 potions of mutation
 i - 4 potions of enlightenment


   Skills:
 + Level 4.0 Fighting
 - Level 9.3 Dodging
 - Level 3.5 Stealth
 + Level 8.9 Spellcasting
 * Level 12.1 Conjurations
 - Level 5.0 Hexes
 - Level 7.0 Necromancy
 + Level 10.1 Fire Magic
 + Level 4.0 Ice Magic
 + Level 3.9 Air Magic
 - Level 4.0 Alchemy
 * Level 9.6 Invocations


You had 4 spell levels left.
You knew the following spells:

 Your Spells              Type           Power      Damage    Failure   Level
a - Foxfire               Conj/Fire      100%       2x1d9     1%          1
b - Scorch                Fire           100%       2d9       1%          2
c - Inner Flame           Hex/Fire       43%        N/A       1%          3
d - Jinxbite              Hex            62%        N/A       1%          2
e - Flame Wave            Conj/Fire      56%        2d13      1%          4
f - Dispel Undead         Necr           40%        3d16      3%          4
g - Hailstorm             Conj/Ice       45%        3d10      1%          3
h - Mephitic Cloud        Conj/Alch/Air  39%        N/A       1%          3

Your spell library contained the following spells:

 Spells                   Type           Power      Damage    Failure   Level
 Kiss of Death            Conj/Necr      100%       2d13      1%          1
 Shock                    Conj/Air       100%       1d9       1%          1
 Static Discharge         Conj/Air       90%        3-7/arc   1%          2
 Confusing Touch          Hex            31%        N/A       2%          3
 Volatile Blastmotes      Fire/Tloc      64%        2d15      2%          3
 Frozen Ramparts          Ice            54%        1d9       4%          3
 Freezing Cloud           Conj/Ice/Air   19%        6-21      12%         5
 Silence                  Hex/Air        14%        N/A       30%         5
 Yara's Violent Unravell  Hex/Alch       14%        3d7       30%         5
 Enfeeble                 Hex            15%        N/A       100%        7


Dungeon Overview and Level Annotations

Branches:
Dungeon (1/1)

Altars:
Cheibriados
Dithmenos
Elyvilon
Fedhas
Gozag
Hepliaklqana
Kikubaaqudgha
Makhleb
Nemelex Xobeh
Okawaru
Qazlal
Ru
Sif Muna
Trog
Uskayaw
Vehumet
Wu Jian
Xom
Yredelemnul
Zin
The Shining One
Jiyva
Lugonu

Shops:
D [


Innate Abilities, Weirdness & Mutations

You cannot wear most types of armour.
You are amphibious.
You can wear up to eight rings at the same time.
Your skin changes colour to match your surroundings (Stealth+).
Your rubbery body absorbs attacks. (AC +1, EV +1)
((You are camouflaged when in or above water. (Stealth+)))
You have tentacles for arms and can constrict up to eight enemies at once.
You are partially covered in large bone plates. (SH +4)
You are clumsy. (Dex -2)


Message History

You start resting.
A sun demon comes into view.
You see here a +0 leather armour.
There is an open door to the Elven Halls, spattered with blood here.
Things that are here:
a +0 scale mail; a +0 shortbow; a +0 short sword You close the door.
Something unseen opens the door.
The sun demon disappears in a puff of smoke!
There is a roughly hewn altar of Beogh here.
You see here a +0 club.
Items here: )) [[.
There is an open door to the Orcish Mines, spattered with blood here.
You see here a +0 club.
Things that are here:
a +0 mace; a +0 scale mail You start resting.
HP restored.
You start resting.
Magic restored.
There is an open door to the Orcish Mines, spattered with blood here.
You see here a +0 club.
Items here: )) [[.
There is a roughly hewn altar of Beogh here.
You see here a +0 club.
Things that are here:
a +0 scale mail; a +0 shortbow; a +0 short sword
There is an open door to the Elven Halls, spattered with blood here.
You see here a +0 leather armour.
Things that are here:
a +0 long sword; an elf skeleton You see here a +1 short sword of holy wrath.
There is a broken door here.
The deep elf master archer shoots an arrow.
The arrow hits you!!
Ouch! That really hurt!
The deep elf master archer shoots an arrow.
The arrow hits you!!!
Ouch! That really hurt!
You die...

▓▓▓▓▓ ### ###...#########
## __####.#∩.#.['.#...#
.e.'
._#.........##[#...##≈≈≈e
)##.........##)#...≈≈≈....
..#.........##)#..)##≈≈≈≈#
..#)_)..##.###)'@..# .ee'
#'#))###..#.######## ###
..#)######### ..#).§~~'.#
.)#.#§§§#.# .)).#§§.#
..#.#§§.# ▓▓▓▓▓▓▓▓▓


You could see a deep elf master archer.

Vanquished Creatures
  A deep elf death mage (D)
  Snorg (D)
  A deep elf knight (D)
  2 deep elf pyromancers (D)
  3 deep elf zephyrmancers (D)
  An orc sorcerer (D)
  A shadow (D)
  A necrophage (D)
  A water elemental (D)
  An orc priest (D)
  An arcanist (D)
  A jelly (D)
  Jessica (D)
  A necromancer (D)
  2 orc wizards (D)
  A kobold demonologist (D)
  3 humans (D)
  A wolf (D)
  14 orcs (D)
  3 rats (D)
41 creatures vanquished.

Vanquished Creatures (others)
  62 foxfires (D)
62 creatures vanquished.

Grand Total: 103 creatures vanquished

Notes
Turn   | Place    | Note
-------+----------+-------------------------------------------
     0 | D        | Conn the Octopode Fire Elementalist began the quest for the
                  | Orb.
     0 | D        | Reached XP level 1. HP: 11/11 MP: 3/3
    35 | D        | Noticed Jessica
    40 | D        | Killed Jessica
    41 | D        | Reached skill level 5 in Fire Magic
    41 | D        | Reached XP level 2. HP: 14/17 MP: 0/6
    41 | D        | Reached XP level 3. HP: 18/21 MP: 0/7
    50 | D        | Learned a level 2 spell: Scorch
    54 | D        | Learned a level 3 spell: Inner Flame
    58 | D        | Learned a level 2 spell: Jinxbite
   110 | D        | Reached skill level 2 in Conjurations
   110 | D        | Reached skill level 1 in Hexes
   113 | D        | Reached XP level 4. HP: 27/27 MP: 1/9
   138 | D        | Gained mutation: You sometimes lose your temper in combat.
                  | [potion of mutation]
   138 | D        | Gained mutation: You have a pair of small antennae on your
                  | head. [potion of mutation]
   139 | D        | Lost mutation: You sometimes lose your temper in combat.
                  | [potion of mutation]
   139 | D        | Lost mutation: You have a pair of small antennae on your
                  | head. [potion of mutation]
   139 | D        | Gained mutation: You are clumsy. (Dex -2) [potion of
                  | mutation]
   139 | D        | Gained mutation: You are partially covered in large bone
                  | plates. (SH +4) [potion of mutation]
   207 | D        | Noticed a water elemental
   210 | D        | Killed a water elemental
   211 | D        | Reached skill level 3 in Conjurations
   211 | D        | Reached XP level 5. HP: 31/31 MP: 5/11
   266 | D        | Found a radiant altar of Vehumet.
   266 | D        | Found a shimmering blue altar of Sif Muna.
   266 | D        | Found an ancient bone altar of Kikubaaqudgha.
   269 | D        | Reached skill level 4 in Conjurations
   278 | D        | Became a worshipper of Sif Muna the Loreminder
   324 | D        | Learned a level 4 spell: Flame Wave
   328 | D        | Found a glowing silver altar of Zin.
   329 | D        | Found a glowing golden altar of the Shining One.
   329 | D        | Found a white marble altar of Elyvilon.
   331 | D        | Noticed a deep elf pyromancer
   333 | D        | Noticed a fire elemental
   333 | D        | Noticed a fire elemental
   337 | D        | Killed a deep elf pyromancer
   338 | D        | Reached skill level 8 in Conjurations
   338 | D        | Reached skill level 5 in Hexes
   338 | D        | Reached XP level 6. HP: 26/36 MP: 4/15
   338 | D        | Reached XP level 7. HP: 30/41 MP: 4/16
   437 | D        | Learned a level 4 spell: Dispel Undead
   438 | D        | Found a hide-covered altar of Uskayaw.
   438 | D        | Found an iron altar of Okawaru.
   438 | D        | Found a bloodstained altar of Trog.
   438 | D        | Found an ornate altar of the Wu Jian Council.
   438 | D        | Noticed a human
   440 | D        | Noticed a human
   443 | D        | Killed a human
   446 | D        | Killed a human
   446 | D        | Reached * piety under Sif Muna
   447 | D        | Reached skill level 9 in Conjurations
   447 | D        | Reached XP level 8. HP: 37/46 MP: 6/18
   521 | D        | Found a basalt altar of Yredelemnul.
   521 | D        | Found a shadowy altar of Dithmenos.
   521 | D        | Found a sacrificial altar of Ru.
   591 | D        | Learned a level 5 spell: Yara's Violent Unravelling
   592 | D        | Noticed a shadow
   598 | D        | Reached ** piety under Sif Muna
   600 | D        | Killed a shadow
   601 | D        | Reached skill level 1 in Alchemy
   650 | D        | Found a blossoming altar of Fedhas.
   650 | D        | Found a stormy altar of Qazlal.
   650 | D        | Found a snail-covered altar of Cheibriados.
   650 | D        | Found a burning altar of Makhleb.
   650 | D        | Found a shimmering altar of Xom.
   651 | D        | Found a hazy altar of Hepliaklqana.
   651 | D        | Found an opulent altar of Gozag.
   651 | D        | Found a sparkling altar of Nemelex Xobeh.
   651 | D        | Found a corrupted altar of Lugonu.
   651 | D        | Found a viscous altar of Jiyva.
   666 | D        | Noticed Snorg
   681 | D        | Killed Snorg
   682 | D        | Reached skill level 10 in Conjurations
   682 | D        | Reached skill level 5 in Necromancy
   682 | D        | Reached XP level 9. HP: 22/51 MP: 6/20
   797 | D        | Found Bukenk's Armour Boutique.
   797 | D        | Noticed an orc sorcerer
   802 | D        | Noticed a soul eater
   804 | D        | Reached *** piety under Sif Muna
   804 | D        | Killed an orc sorcerer
   804 | D        | Reached **** piety under Sif Muna
   826 | D        | Reached ***** piety under Sif Muna
   830 | D        | Received a gift from Sif Muna
   839 | D        | Got Sif Muna's Cyclopedia of the Winter and Air {god gift}
   935 | D        | Learned a level 3 spell: Hailstorm
   939 | D        | Learned a level 3 spell: Mephitic Cloud
   999 | D        | Noticed a deep elf zephyrmancer
   999 | D        | Noticed a deep elf pyromancer
   999 | D        | Noticed a deep elf zephyrmancer
   999 | D        | Noticed a deep elf knight
   999 | D        | Noticed a deep elf zephyrmancer
  1021 | D        | Killed a deep elf zephyrmancer
  1021 | D        | Killed a deep elf zephyrmancer
  1022 | D        | Reached skill level 11 in Conjurations
  1022 | D        | Reached skill level 1 in Air Magic
  1028 | D        | Killed a deep elf pyromancer
  1029 | D        | Reached XP level 10. HP: 61/61 MP: 14/22
  1029 | D        | Killed a deep elf zephyrmancer
  1031 | D        | Killed a deep elf knight
  1126 | D        | Noticed a deep elf annihilator
  1128 | D        | Noticed a deep elf demonologist
  1129 | D        | Noticed a deep elf demonologist
  1129 | D        | Noticed a deep elf demonologist
  1142 | D        | Noticed a deep elf death mage
  1147 | D        | Noticed a sun demon
  1262 | D        | Noticed a deep elf master archer
  1270 | D        | Killed a deep elf death mage
  1271 | D        | Reached skill level 12 in Conjurations
  1271 | D        | Reached skill level 10 in Fire Magic
  1276 | D        | Noticed a sun demon
  1347 | D        | Shot with an arrow by a deep elf master archer

Illustrated notes

Levels and vault maps discovered:
D:        dungeon_sprint_mu [sprint_mu_entry_forest, sprint_mu_temple_rooms,
          sprint_mu_d1_horrors, sprint_mu_d2_genie, sprint_mu_d3_branching,
          sprint_mu_orc_legion, sprint_mu_elf_gauntlet, sprint_mu_hive_nellie,
          sprint_mu_lair_fedhas, sprint_mu_vaults_butterflies,
          sprint_mu_slime_circle, sprint_mu_shoals_archi,
          sprint_mu_snake_twists, sprint_mu_blade_basic, sprint_mu_crypt_lich,
          sprint_mu_tomb_spiral, sprint_mu_vestibule_basic,
          sprint_mu_gehenna_hellfire, sprint_mu_dis_giant,
          sprint_mu_tartarus_statrot, sprint_mu_cocytus_islands, sprint_mu_zot1]

Skill      XL: |  1  2  3  4  5  6  7  8  9 10 |
---------------+-------------------------------+-----
Stealth        | 3 |  3.5
Spellcasting   | 3 4 6 7 8 |  8.9
Fire Magic     | 5 7 8 9 10 | 10.1
Dodging        | 3 6 7 8 9 |  9.3
Conjurations   | 2 3 8 9 10 11 12 | 12.1
Hexes          | 2 3 5 |  5.0
Necromancy     | 3 5 7 |  7.0
Invocations    | 3 6 8 9 |  9.6
Alchemy        | 3 4 |  4.0
Fighting       | 2 4 |  4.0
Ice Magic      | 2 4 |  4.0
Air Magic      | 2 3 |  3.9

Action                     |  1- 3 |  4- 6 |  7- 9 | 10-12 || total
---------------------------+-------+-------+-------+-------++-------
  Melee: Unarmed           |     3 |       |       |       ||     3
         Constrict         |     1 |       |     6 |       ||     7
         Long sword        |       |       |    14 |       ||    14
         Tentacles         |       |       |     5 |       ||     5
         Rapier            |       |       |       |     2 ||     2
   Cast: Foxfire           |    11 |     7 |     7 |    10 ||    35
         Scorch            |       |     5 |     7 |     4 ||    16
         Flame Wave        |       |       |     4 |       ||     4
         Jinxbite          |       |       |     2 |       ||     2
         Inner Flame       |       |       |     8 |     4 ||    12
         Mephitic Cloud    |       |       |     3 |     2 ||     5
         Hailstorm         |       |       |     3 |     1 ||     4
 Invoke: Channel Magic     |       |       |     1 |       ||     1
         Forget Spell      |       |       |     1 |       ||     1
  Evoke: Wand              |       |       |     2 |       ||     2
    Use: Potion            |     1 |     3 |       |       ||     4
         Scroll            |       |     2 |     1 |       ||     3
 Armour: Skin              |     1 |     2 |    14 |     4 ||    21
  Dodge: Dodged            |     1 |       |    16 |       ||    17
  Block: Other             |       |       |     8 |       ||     8

Table legend: (Time is in decaauts)
 A = Elapsed time spent in this place.
 B = Non-inter-level travel time spent in this place.
 C = Inter-level travel time spent in this place.
 D = Time resting spent in this place.
 E = Time spent auto-exploring this place.
 F = Levels seen in this place.
 G = Mean time per level.
                   A        B        C        D        E       F      G
               +--------+--------+--------+--------+--------+-----+--------+
         Total |   1346 |   1346 |      0 |    760 |     13 |   1 | 1346.0 |
       Dungeon |   1346 |   1346 |      0 |    760 |     13 |   1 | 1346.0 |
               +--------+--------+--------+--------+--------+-----+--------+

Top non-repeatable levels by time:
       D: 1346 daAuts
